 Dungeon Crawl Stone Soup version 0.26-a0-800-g517d6fe721 (webtiles) character file.

Game seed: 6463608932937335513

123 jalala the Chiller (level 4, 33/33 HPs)
             Began as a Draconian Ice Elementalist on Nov 11, 2020.
             Was a Follower of Nemelex Xobeh.
             Quit the game on level 2 of the Dungeon.
             The game lasted 00:04:56 (2166 turns).

jalala the Chiller (Draconian Ice Elementalist)     Turns: 2166, Time: 00:04:57

Health: 33/33      AC:  7    Str: 10    XL:     4   Next: 80%
Magic:  8/8        EV: 12    Int: 17    God:    Nemelex Xobeh [*.....]
Gold:   139        SH:  0    Dex: 11    Spells: 2/9 levels left

rFire    . . .     SeeInvis .   a - +3 dagger
rCold    . . .     Faith    .   (no shield)
rNeg     . . .     Spirit   .   (armour unavailable)
rPois    +         Reflect  .   k - +2 hat
rElec    .         Harm     .   (no cloak)
rCorr    .         Rampage  .   (no gloves)
MR       .....                  (no boots)
Stlth    ++........             (no amulet)
HPRegen  0.11/turn              h - ring of poison resistance
MPRegen  0.11/turn              (no ring)

@: no status effects
A: unfitting armour, cold-blooded, AC +5
a: Draw Escape, Draw Destruction, Draw Summoning, Renounce Religion


You were on level 2 of the Dungeon.
You worshipped Nemelex Xobeh.
Nemelex Xobeh was aware of your devotion.
You visited 1 branch of the dungeon, and saw 2 of its levels.

You collected 139 gold pieces.

Inventory:

Hand Weapons
 a - a +3 dagger (weapon)
 b - a +0 hunting sling
Armour
 k - a +2 hat (worn)
Jewellery
 h - a ring of poison resistance (left hand)
Scrolls
 d - 4 scrolls of identify {unknown}
 f - a scroll of fear {unknown}
 g - 2 scrolls of magic mapping {unknown}
 i - 2 scrolls of remove curse {unknown}
 l - a scroll of noise {unknown}
 m - a scroll of enchant weapon {unknown}
Potions
 c - 2 potions of curing {unknown}
 e - 3 potions of haste {unknown}
 j - a potion of cancellation {unknown}
 n - a potion of mutation {unknown}


   Skills:
 - Level 1.7 Dodging
 - Level 1.7 Stealth
 + Level 3.0 Spellcasting
 * Level 5.6 Ice Magic


You had 2 spell levels left.
You knew the following spells:

 Your Spells              Type           Power        Failure   Level
a - Freeze                Ice            ###.         1%          1
b - Frozen Ramparts       Ice            ###...       5%          3
c - Ozocubu's Armour      Ice            ###.....     5%          3

Your spell library contained the following spells:

 Spells                   Type           Power        Failure   Level
 Hailstorm                Conj/Ice       ##......     47%         4
 Summon Ice Beast         Ice/Summ       ##......     47%         4


Dungeon Overview and Level Annotations

Branches:
Dungeon (2/15)

Altars:
Nemelex Xobeh
Okawaru
Ru
Xom


Innate Abilities, Weirdness & Mutations

Your plain brown scales are hard. (AC +5)
You cannot fit into any form of body armour.
You are cold-blooded and may be slowed by cold attacks.


Message History

There is an open door here.
There is an open door here.
Things that are here:
a stone; a leather armour You open the door.
There is an open door here.
Found an iron altar of Okawaru and a faded altar of an unknown god.
Found a shimmering altar of Xom.
Found 24 arrows.
Found a sacrificial altar of Ru.
Found a faded altar of an unknown god.
There is a faded altar of an unknown god here.
You cannot tell which god this altar belongs to.
Convert to them anyway?
Nemelex Xobeh accepts your prayer! Nemelex Xobeh welcomes you!
You can now draw from decks of power.
Nemelex will now gift you decks of power as you gain piety.
Okay, then.
Unknown command.
Press < or > to pray at altars.
Are you sure you want to abandon this character and quit the game? (Confirm with "yes".)

#..#..#.......# #.##
#.###.#.......####.#
#.###.##...........#
####.#_(..##......#####
#.'..#...._##.....#
#.##.#_...###'#####
#.##.###.##......#
#.##.###.#'......#
#.##..#@.##......#
#.###...##.......# #.#
##.##(..###### #.#
#_#....# #.# ###....#
#.######.(..#
#...........#
########....# #.)..#


There were no monsters in sight!

Vanquished Creatures
  6 gnolls (D:2)
  An adder (D:2)
  2 oozes
  A worm (D:2)
  3 leopard geckos
  A giant cockroach (D:2)
  9 goblins
  4 hobgoblins
  A quokka (D:2)
  2 ball pythons
  4 bats
  4 frilled lizards
  4 kobolds
  6 rats
48 creatures vanquished.

Notes
Turn   | Place    | Note
-------+----------+-------------------------------------------
     0 | D:1      | jalala the Draconian Ice Elementalist began the quest for
                  | the Orb.
     0 | D:1      | Reached XP level 1. HP: 14/14 MP: 3/3
   312 | D:1      | Reached XP level 2. HP: 20/20 MP: 3/5
   713 | D:1      | Reached XP level 3. HP: 20/26 MP: 6/6
  1367 | D:2      | Learned a level 3 spell: Frozen Ramparts
  1373 | D:2      | Reached skill level 5 in Ice Magic
  1390 | D:2      | Reached XP level 4. HP: 33/33 MP: 2/8
  1753 | D:2      | Learned a level 3 spell: Ozocubu's Armour
  2128 | D:2      | Found an iron altar of Okawaru.
  2128 | D:2      | Found a faded altar of an unknown god.
  2133 | D:2      | Found a shimmering altar of Xom.
  2135 | D:2      | Found a sacrificial altar of Ru.
  2136 | D:2      | Found a faded altar of an unknown god.
  2154 | D:2      | Became a worshipper of Nemelex Xobeh the Trickster
  2154 | D:2      | Reached * piety under Nemelex Xobeh
  2166 | D:2      | Quit the game

Illustrated notes

Levels and vault maps discovered:
D:1:      dpeg_arrival_boxes_within_box, layout_basic
D:2:      layout_basic, chequers_temple_overflow_minitemple

Skill      XL: |  1  2  3  4 |
---------------+-------------+-----
Ice Magic      | 5 |  5.6
Spellcasting   | 3 |  3.0
Dodging        | |  1.7
Stealth        | |  1.7

Action                   |  1- 3 |  4- 6 || total
-------------------------+-------+-------++-------
Melee: Unarmed           |     6 |       ||     6
       Tailslap          |    12 |     5 ||    17
       Dagger            |    66 |    29 ||    95
 Cast: Freeze            |    12 |       ||    12
       Frozen Ramparts   |     2 |     4 ||     6
 Stab: Sleeping          |     1 |       ||     1
Armor: Skin              |    24 |     9 ||    33
Dodge: Dodged            |    59 |    23 ||    82

Table legend: (Time is in decaauts)
 A = Elapsed time spent in this place.
 B = Non-inter-level travel time spent in this place.
 C = Inter-level travel time spent in this place.
 D = Time resting spent in this place.
 E = Time spent auto-exploring this place.
 F = Levels seen in this place.
 G = Mean time per level.
                   A        B        C        D        E       F      G
               +--------+--------+--------+--------+--------+-----+--------+
         Total |   2163 |   2124 |     39 |    121 |   1563 |   2 | 1081.5 |
       Dungeon |   2163 |   2124 |     39 |    121 |   1563 |   2 | 1081.5 |
               +--------+--------+--------+--------+--------+-----+--------+

Top non-repeatable levels by time:
     D:2: 1102 daAuts
     D:1: 1060 daAuts
